 Dungeon Crawl Stone Soup version 0.21.1-1-g345015f (webtiles) character file.

57 tidbits the Sneak (level 4, -1/38 HPs)
             Began as a Gnoll Assassin on Mar 29, 2018.
             Slain by PipsiMox's ghost (7 damage)
             ... on level 3 of the Dungeon.
             The game lasted 00:03:45 (473 turns).

tidbits the Sneak (Gnoll Assassin)                   Turns: 473, Time: 00:03:46

Health: -1/38      AC:  3    Str: 13    XL:     4   Next: 0%
Magic:  5/5        EV: 13    Int: 14    God:
Gold:   27         SH:  0    Dex: 17    Spells: 5/5 levels left

rFire    . . .     SeeInvis .   m - +0 quarterstaff
rCold    . . .     Gourm    .   (shield currently unavailable)
rNeg     . . .     Faith    .   c - +0 robe
rPois    .         Spirit   .   (no helmet)
rElec    .         Reflect  .   d - +0 cloak
rCorr    .         Harm     .   (no gloves)
MR       .....                  (no boots)
Stlth    ++++......             (no amulet)
HPRegen  0.12/turn              (no ring)
MPRegen  0.09/turn              (no ring)

@: flying, hasted, very quick
A: distributed training, fangs 1, strong nose
a: no special abilities


You were on level 3 of the Dungeon.
You were not hungry.

You visited 1 branch of the dungeon, and saw 3 of its levels.

You collected 27 gold pieces.

Inventory:

Hand Weapons
 a - a +2 dagger
 b - a +0 blowgun
 i - a +0 hunting sling
 m - a +0 quarterstaff (weapon)
Missiles
 e - 25 poisoned needles
 f - 22 bolts
 j - 29 arrows
 n - 3 stones (quivered)
 r - 6 needles of paralysis
Armour
 c - a +0 robe (worn)
 d - a +0 cloak (worn)
 p - a +0 buckler
Scrolls
 k - 3 scrolls of amnesia {unknown}
 o - 2 scrolls of identify {unknown}
 s - 3 scrolls of immolation {unknown}
Potions
 l - a potion of curing
Comestibles
 g - 3 rations


   Skills:
 + Level 4.6 Fighting
 + Level 4.6 Short Blades
 + Level 1.0 Long Blades
 + Level 1.0 Axes
 + Level 1.0 Maces & Flails
 + Level 1.0 Polearms
 + Level 1.0 Staves
 + Level 1.0 Slings
 + Level 1.0 Bows
 + Level 1.0 Crossbows
 + Level 4.6 Throwing
 + Level 1.0 Armour
 + Level 2.6 Dodging
 + Level 7.8 Stealth
 + Level 1.0 Shields
 + Level 1.0 Unarmed Combat
 + Level 1.0 Spellcasting
 + Level 0.7 Conjurations
 + Level 0.7 Hexes
 + Level 0.7 Charms
 + Level 0.7 Summonings
 + Level 0.7 Necromancy
 + Level 0.7 Translocations
 + Level 0.7 Transmutations
 + Level 0.7 Fire Magic
 + Level 0.7 Ice Magic
 + Level 0.7 Air Magic
 + Level 0.7 Earth Magic
 + Level 0.7 Poison Magic
 + Level 1.0 Invocations
 + Level 1.0 Evocations


You had 5 spell levels left.
You didn't know any spells.

Dungeon Overview and Level Annotations

Branches:
Dungeon (3/15)

Altars:
Trog
Xom

Annotations:
D:3 PipsiMox's ghost, amateur DrAE


Innate Abilities, Weirdness & Mutations

Your experience applies equally to all skills.
You have very sharp teeth.
Your uncanny sense of smell can sniff out nearby items.


Message History

You barely miss the adder.
The adder is severely wounded.
The adder closely misses you.
You closely miss the adder.
The adder is severely wounded.
The adder bites you.
You hit the adder. Your bite misses the adder.
The adder is almost dead.
The adder closely misses you.
You closely miss the adder.
The adder is almost dead.
The adder closely misses you.
You hit the adder.
You kill the adder!
Your Invocations skill increases to level 1!
Found 7 gold pieces.
An adder comes into view.
Found a shimmering altar of Xom.
You see here 7 gold pieces.
You now have 27 gold pieces (gained 7).
The helpless adder fails to defend itself.
You stick the adder like a pincushion!!!
You kill the adder!
Your Long Blades skill increases to level 1!
Your Axes skill increases to level 1!
Your Maces & Flails skill increases to level 1!
Your Polearms skill increases to level 1!
Your Staves skill increases to level 1!
Your Slings skill increases to level 1!
Your Bows skill increases to level 1!
Your Crossbows skill increases to level 1!
Your Armour skill increases to level 1!
Your Shields skill increases to level 1!
Your Unarmed Combat skill increases to level 1!
Your Spellcasting skill increases to level 1!
Your Evocations skill increases to level 1!
You have reached level 4!
You feel agile.
You see here 22 bolts.
f - 22 bolts You open the door.
There is an open door here.
Found a stone staircase leading down.
Found a scroll labeled YTYEME WATAM.
There is a stone staircase leading down here.
You see here a scroll labeled YTYEME WATAM.
s - 3 scrolls labeled YTYEME WATAM (gained 1)
There is a stone staircase leading down here.
You climb downwards.
PipsiMox's ghost (amateur Draconian Air Elementalist) comes into view.
Found a scroll labeled MEIGHE RICSA and 27 gold pieces.
There is a stone staircase leading up here.
Unknown command.
It was a potion of curing.
You feel better.
Okay, then.
Okay, then.
Press: ? - help, v - describe, . - travel
Here: PipsiMox's ghost (hasn't noticed you)
The floor.
It was a potion of flight.
You feel very buoyant.
You fly up into the air.
It was a potion of haste.
You feel yourself speed up.
PipsiMox's ghost points at you and mumbles some strange words.
The zap misses you.
Wield which item (- for none, * to show all)? (? for menu, Esc to quit)
m - a +0 quarterstaff (weapon)
PipsiMox's ghost gestures wildly while chanting.
You are struck by lightning.
The lightning grounds out.
You closely miss PipsiMox's ghost.
PipsiMox's ghost hits you but does no damage.
You hit PipsiMox's ghost but do no damage.
You bite PipsiMox's ghost, but do no damage.
PipsiMox's ghost hits you.
You hit PipsiMox's ghost but do no damage.
You bite PipsiMox's ghost, but do no damage.
You closely miss PipsiMox's ghost.
PipsiMox's ghost gestures wildly while chanting.
You are struck by lightning.
The lightning arcs!
PipsiMox's ghost is struck by lightning.
The lightning arcs!
You are struck by lightning.
The lightning arcs!
PipsiMox's ghost is struck by lightning.
The lightning grounds out.
You hit PipsiMox's ghost.
PipsiMox's ghost is lightly damaged.
PipsiMox's ghost hits you!
* * * LOW HITPOINT WARNING * * *
You closely miss PipsiMox's ghost.
You bite PipsiMox's ghost, but do no damage.
PipsiMox's ghost is lightly damaged.
PipsiMox's ghost gestures at you while chanting.
The zap hits you!
* * * LOW HITPOINT WARNING * * *
You closely miss PipsiMox's ghost.
PipsiMox's ghost is lightly damaged.
PipsiMox's ghost hits you.
* * * LOW HITPOINT WARNING * * *
You thump PipsiMox's ghost! Your bite misses PipsiMox's ghost.
PipsiMox's ghost is moderately damaged.
PipsiMox's ghost hits you!
You die...

......##
#......# .
#....$.# $.
#......# ...
#......##
....#.......####
........W.......
#.....@.#
#....<..+∆
#.......#
.?........+
..........#
...######## ##


You could see PipsiMox's ghost.

Vanquished Creatures
  5 adders (D:2)
  A dart slug (D:2)
  A bat (D:1)
  A giant cockroach (D:1)
  A hobgoblin (D:1)
  2 kobolds
  A frilled lizard (D:2)
  A rat (D:1)
13 creatures vanquished.

Notes
Turn   | Place    | Note
-------+----------+-------------------------------------------
     0 | D:1      | tidbits the Gnoll Assassin began the quest for the Orb.
     0 | D:1      | Reached XP level 1. HP: 20/20 MP: 1/1
   155 | D:2      | Reached XP level 2. HP: 23/26 MP: 2/2
   184 | D:2      | Reached XP level 3. HP: 30/31 MP: 3/3
   344 | D:2      | Found a bloodstained altar of Trog.
   394 | D:2      | Reached skill level 1 in Invocations
   399 | D:2      | Found a shimmering altar of Xom.
   407 | D:2      | Reached skill level 1 in Long Blades
   407 | D:2      | Reached skill level 1 in Axes
   407 | D:2      | Reached skill level 1 in Maces & Flails
   407 | D:2      | Reached skill level 1 in Polearms
   407 | D:2      | Reached skill level 1 in Staves
   407 | D:2      | Reached skill level 1 in Slings
   407 | D:2      | Reached skill level 1 in Bows
   407 | D:2      | Reached skill level 1 in Crossbows
   407 | D:2      | Reached skill level 1 in Armour
   407 | D:2      | Reached skill level 1 in Shields
   407 | D:2      | Reached skill level 1 in Unarmed Combat
   407 | D:2      | Reached skill level 1 in Spellcasting
   407 | D:2      | Reached skill level 1 in Evocations
   407 | D:2      | Reached XP level 4. HP: 34/38 MP: 5/5
   460 | D:3      | Noticed PipsiMox's ghost (amateur DrAE)
   473 | D:3      | Slain by PipsiMox's ghost

Skill      XL: |  1  2  3 |
---------------+----------+-----
Invocations    | 1 |  1.0
Long Blades    | 1 |  1.0
Axes           | 1 |  1.0
Maces & Flails | 1 |  1.0
Polearms       | 1 |  1.0
Staves         | 1 |  1.0
Slings         | 1 |  1.0
Bows           | 1 |  1.0
Crossbows      | 1 |  1.0
Armour         | 1 |  1.0
Shields        | 1 |  1.0
Unarmed Combat | 1 |  1.0
Spellcasting   | 1 |  1.0
Evocations     | 1 |  1.0
Fighting       | |  4.6
Short Blades   | |  4.6
Throwing       | |  4.6
Dodging        | |  2.6
Stealth        | |  7.8
Conjurations   | |  0.7
Hexes          | |  0.7
Charms         | |  0.7
Summonings     | |  0.7
Necromancy     | |  0.7
Translocations | |  0.7
Transmutations | |  0.7
Fire Magic     | |  0.7
Ice Magic      | |  0.7
Air Magic      | |  0.7
Earth Magic    | |  0.7
Poison Magic   | |  0.7

Action                   |  1- 3 |  4- 6 || total
-------------------------+-------+-------++-------
Melee: Dagger            |    38 |       ||    38
       Bite              |     7 |     3 ||    10
       Quarterstaff      |       |     8 ||     8
 Fire: Blowgun           |     2 |       ||     2
  Use: Potion            |       |     3 ||     3
 Stab: Sleeping          |     3 |       ||     3
Armor: Robe              |     9 |     1 ||    10
Dodge: Dodged            |    20 |     1 ||    21

Table legend:
 A = Turns spent in this place as a percentage of turns spent in the entire game.
 B = Non-inter-level travel turns spent in this place as a percentage of non-inter-level travel turns spent in the entire game.
 C = Inter-level travel turns spent in this place as a percentage of turns spent in this place.
 D = Turns resting spent in this place as a percentage of non-inter-level travel turns spent in this place.
 E = Turns spent auto-exploring this place as a percentage of non-inter-level travel turns spent in this place.
 F = Non-inter-level travel turns spent in this place divided by the number of levels of this place that you've seen.
                   A       B       C       D       E      F
               +-------+-------+-------+-------+-------+----------------------
         Total | 100.0 | 100.0 |   0.0 |   0.0 |   0.0 | 157.7
       Dungeon | 100.0 | 100.0 |   0.0 |   0.0 |   0.0 | 157.7
               +-------+-------+-------+-------+-------+----------------------

Table legend:
 A = Kills in this place as a percentage of kills in entire the game.
 B = Kills by you in this place as a percentage of kills by you in the entire game.
 C = Kills by friends in this place as a percentage of kills by friends in the entire game.
 D = Other kills in this place as a percentage of other kills in the entire game.
 E = Experience gained in this place as a percentage of experience gained in the entire game.
 F = Experience gained in this place divided by the number of levels of this place that you have seen.
                   A       B       C       D       E      F
               +-------+-------+-------+-------+-------+----------------------
         Total | 100.0 | 100.0 |   N/A |   N/A | 100.0 |  27.3
       Dungeon | 100.0 | 100.0 |   N/A |   N/A | 100.0 |  27.3
               +-------+-------+-------+-------+-------+----------------------

Vault maps used:
D:1:      shiori_shiawase
D:2:      grunt_temple_overflow_gold_and_silver, lightli_temple_of_fire,
          lemuel_coloured_pillars_altar
